 Dungeon Crawl Stone Soup version 0.26.1-11-gd32895ea62 (webtiles) character file.

Game seed: 7483015147732812146

58 nothank2 the Slasher (level 3, -2/31 HPs)
             Began as a Minotaur Fighter on June 23, 2021.
             Slain by a goblin
             ... wielding a +0 club
             ... led by Robin
              (4 damage)
             ... on level 2 of the Dungeon.
             The game lasted 00:01:54 (1772 turns).

nothank2 the Slasher (Minotaur Fighter)             Turns: 1772, Time: 00:01:57

Health: -2/31      AC:  6    Str: 21    XL:     3   Next: 75%
Magic:  2/2        EV:  7    Int:  5    God:
Gold:   77         SH:  9    Dex:  9    Spells: 2/2 levels left

rFire    . . .     SeeInvis .   a - +0 long sword
rCold    . . .     Faith    .   c - +0 kite shield
rNeg     . . .     Spirit   .   b - +0 scale mail
rPois    .         Reflect  .   (helmet restricted)
rElec    .         Harm     .   (no cloak)
rCorr    .         Rampage  .   (no gloves)
Will     .....                  (no boots)
Stlth    ..........             (no amulet)
HPRegen  0.10/turn              (no ring)
MPRegen  0.08/turn              (no ring)

@: no status effects
A: retaliatory headbutt, horns 2
a: no special abilities


You were on level 2 of the Dungeon.
You visited 1 branch of the dungeon, and saw 2 of its levels.

You collected 77 gold pieces.

Inventory:

Hand Weapons
 a - a +0 long sword (weapon)
Missiles
 h - 21 poisoned darts (quivered)
Armour
 b - a +0 scale mail (worn)
 c - a +0 kite shield (worn)
Scrolls
 e - 2 scrolls of enchant weapon {unknown}
 f - 3 scrolls of identify {unknown}
 g - a scroll of teleportation {unknown}
 i - a scroll of remove curse {unknown}
Potions
 d - a potion of might
 j - a potion of curing {unknown}


   Skills:
 - Level 3.6 Fighting
 + Level 5.0 Long Blades
 - Level 3.6 Armour
 - Level 3.6 Shields


You had 2 spell levels left.
You didn't know any spells.
Your spell library was empty.

Dungeon Overview and Level Annotations

Branches:
Dungeon (2/15)

Altars:

Annotations:
D:2 Robin


Innate Abilities, Weirdness & Mutations

You reflexively headbutt those who attack you in melee.
You have a pair of horns on your head.


Message History

You are too injured to fight recklessly!
Unknown command.
You hit the goblin.
You kill the goblin!
The goblin closely misses you. The goblin hits you but does no damage.
The goblin hits you with a +0 club. The goblin closely misses you.
You block the goblin's attack.
You closely miss the hobgoblin. The goblin hits you with a +0 club.
* * * LOW HITPOINT WARNING * * *
The hobgoblin hits you but does no damage.
The goblin hits you.
* * * LOW HITPOINT WARNING * * *
You block the goblin's attack. You block the hobgoblin's attack.
You closely miss the goblin. You block the goblin's attack.
You block the hobgoblin's attack. The goblin hits you.
* * * LOW HITPOINT WARNING * * *
You block the hobgoblin's attack. The goblin hits you with a +0 dagger.
* * * LOW HITPOINT WARNING * * *
The goblin hits you with a +0 club.
You die...

#######..###....#
#.....###.)..##### .
#.......'....'....
..#####.....###....#####
................รท..#####
............##..........
........##..#####.(.####
##....gg###>....'.(.'...
#...gg@# #######.(.####
#...ggg# #...# #.....gg
#.).# #...(.... #...#
######.... #...# #.....
#...# #.....# #...#
#.....# #...# #####


You could see Robin, 2 hobgoblins and 6 goblins.

Vanquished Creatures
  2 adders (D:2)
  A worm (D:2)
  A leopard gecko (D:1)
  7 goblins
  3 hobgoblins
  3 jackals (D:1)
  A ball python (D:2)
  3 bats
  3 frilled lizards
  4 kobolds
  8 rats
36 creatures vanquished.

Notes
Turn   | Place    | Note
-------+----------+-------------------------------------------
     0 | D:1      | nothank2 the Minotaur Fighter began the quest for the Orb.
     0 | D:1      | Reached XP level 1. HP: 19/19 MP: 0/0
   114 | D:1      | Reached skill level 3 in Long Blades
   365 | D:1      | Reached XP level 2. HP: 26/26 MP: 1/1
  1172 | D:2      | Reached skill level 4 in Long Blades
  1250 | D:2      | Reached XP level 3. HP: 17/31 MP: 2/2
  1762 | D:2      | Noticed Robin
  1767 | D:2      | Reached skill level 5 in Long Blades
  1772 | D:2      | Slain by a goblin

Illustrated notes

Levels and vault maps discovered:
D:1:      wheals_arrival_linesprint, layout_loops_corners
D:2:      layout_basic, uniq_robin

Skill      XL: |  1  2  3 |
---------------+----------+-----
Long Blades    | 3 4 5 |  5.0
Fighting       | |  3.6
Armour         | |  3.6
Shields        | |  3.6

Action                   || total
-------------------------++-------
Melee: Long sword        ||    84
       Headbutt          ||    15
Armor: Scale mail        ||    33
Dodge: Dodged            ||    18
Block: Kite shield       ||    55
       Rpst.: Long sword ||     8
